 Adventure DCSS version bcrawl-1.32 (webtiles) character file.

Game seed: 16625725890760903390

165264 Leeroy the Carver (level 8, 44/44 HPs)
             Began as a Skeleton Skald on Aug 3, 2021.
             Was an Initiate of Gozag.
             Quit the game on level 5 of the Dungeon.
             The game lasted 00:19:10 (8132 turns).

Leeroy the Carver (Skeleton Skald)                  Turns: 8132, Time: 00:19:10

Health: 44/44      AC:  9    Str: 17    XL:     8   Next: 43%
Magic:  20/20      EV: 11    Int: 13    God:    Gozag
Gold:   527        SH:  7    Dex: 11    Spells: 15/23 levels left
                                        Lives:  0   Deaths: 2

rFire    . . .     SeeInvis .   B - +7 short sword "Ramail" {freeze, rElec rF+}
rCold    + + .     Gourm    .   s - +0 buckler
rNeg     + + +     Faith    .   j - +0 ring mail
rPois    ∞         Spirit   +   k - +2 helmet
rElec    +         Reflect  .   (no cloak)
rCorr    .         Harm     .   (no gloves)
MR       +....                  v - +0 pair of boots
Stlth    +.........             m - amulet of regeneration
HPRegen  0.74/turn              r - ring "Juklag" {Ice rN+}
MPRegen  0.17/turn              y - ring of insulation

@: no status effects
A: no food or potions, cold resistance 1, deterioration 1, negative energy
resistance 3, powered by death 1, torment resistance, unbreathing, magic shield,
sturdy frame 1, spell healing
a: Potion Petition, Call Merchant, Bribe Branch, Renounce Religion


You were on level 5 of the Dungeon.
You worshipped Gozag.
Gozag was pleased with you.
You were not hungry.

You visited 2 branches of the dungeon, and saw 8 of its levels.

You collected 1388 gold pieces.
You spent 736 gold pieces at shops.
You paid 125 gold pieces to Gozag.

Inventory:

Hand Weapons
 a - a +0 long sword
 i - a +0 dagger
 z - a +0 scimitar
 B - the +7 short sword "Ramail" (weapon) {freeze, rElec rF+}
   (You bought it in a shop on level 6 of the Dungeon)

   It has been specially enchanted to freeze those struck by it, increasing
   damage dealt by approximately one third against foes not resistant or
   susceptible to cold, and potentially slowing cold-blooded foes.
   It protects you from fire.
   It insulates you from electricity.
Missiles
 e - 171 poisoned tomahawks (quivered)
 p - 190 javelins
Armour
 b - a +0 leather armour
 j - a +0 ring mail (worn)
 k - a +2 helmet (worn)
 o - a +0 helmet
 s - a +0 buckler (worn)
 u - a +0 large shield
 v - a +0 pair of boots (worn)
 x - a +0 chain mail
Jewellery
 f - the ring "Pyulorr" {*Slow +Fly rPois Str+3}
   (You found it on level 2 of the Dungeon)

   [ring of flight]

   It affects your strength (+3).
   It protects you from poison.
   It lets you fly.
   It may slow you when you take damage.
 m - an amulet of regeneration (around neck)
 r - the ring "Juklag" (left hand) {Ice rN+}
   (You found it on level 4 of the Dungeon)

   [ring of ice]

   It enhances your ice magic.
   It makes you vulnerable to fire.
   It protects you from cold.
   It protects you from negative energy.
 t - a -2 ring of dexterity
 y - a ring of insulation (right hand)
Scrolls
 c - 2 scrolls of amnesia
 d - a scroll of fear
 g - a scroll of fog {unknown}
 h - 3 scrolls of magic mapping
 l - 7 scrolls of remove curse
 n - 5 scrolls of teleportation
 q - 2 scrolls of enchant weapon {unknown}
 w - a scroll of blinking {unknown}
 A - a scroll of acquirement {unknown}


   Skills:
 - Level 2.0 Fighting
 - Level 12.0 Long Blades
 - Level 1.1 Armour
 - Level 2.0 Dodging
 - Level 10.1 Shields
 + Level 8.1 Spellcasting
 - Level 3.2 Charms


You had 15 spell levels left.
You knew the following spells:

 Your Spells              Type           Power        Failure   Level  Hunger
a - Infusion              Chrm           ##......     8%          1    N/A
b - Song of Slaying       Chrm           ##......     12%         2    N/A
c - Spectral Weapon       Hex/Chrm       #.......     41%         3    N/A
d - Swiftness             Chrm/Air       #.......     22%         2    N/A

Your spell library contained the following spells:

 Spells                   Type           Power        Failure   Level  Hunger
 Ozocubu's Armour         Chrm/Ice       ##......     41%         3    N/A
 Regeneration             Chrm/Necr      Unusable     N/A         3    N/A

Dungeon Overview and Level Annotations

Branches:
Dungeon (7/12)             Temple (1/1) D:4            Lair (0/6) D:7

Altars:
Ashenzari
Cheibriados
Dithmenos
Elyvilon
Fedhas
Gozag
Hepliaklqana
Makhleb
Nemelex Xobeh
Qazlal
Ru
Sif Muna
Trog
Uskayaw
Vehumet
Wu Jian
Xom
Yredelemnul
Zin
The Shining One

Shops:
D:6 =[((


Innate Abilities, Weirdness & Mutations

You do not eat or drink.
You are immune to poison.
Your flesh is cold resistant. (rC+)
Your body sometimes deteriorates upon taking damage.
You are immune to negative energy. (rN+++)
You regenerate a little health from kills.
You are immune to unholy pain and torment.
You can survive without breathing.
When hurt, damage is shared between your health and your magic reserves.
Your movements are slightly less encumbered by armour. (ER -2)
Casting spells heals you.


Message History

Okay, then.
Throwing (i - inventory. (/) - cycle)
e - 172 poisoned tomahawks (quivered)
Press: ? - help, Shift-Dir - straight line, f - komodo dragon
Aim: a komodo dragon You throw a poisoned tomahawk.
The poisoned tomahawk hits the komodo dragon but does no damage.
You hit the komodo dragon. You freeze the komodo dragon.
The komodo dragon is lightly wounded.
You block the komodo dragon's attack.
You hit the komodo dragon. You freeze the komodo dragon.
The komodo dragon is moderately wounded.
The komodo dragon misses you.
You puncture the komodo dragon! You freeze the komodo dragon.
The komodo dragon is severely wounded.
The komodo dragon bites you!!
You die...
Xom reaches out...
You are now level 8!
You rejoin the land of the living...
Are you sure you want to abandon this character and quit the game? (Confirm with "yes".)

#....#♣♣.♣♣######## #.....# #...
#.................# #.....####...
#....#♣♣.♣♣#......####...........
....## ♣.♣ #......##....##...#...
.....###.###............'........
............########....##...##..
.....##.....#......'.....#....(..
............#.##...#.............
.........#.....'@................
.........#....##...###...........
.........#.........# #...........
.........#....#....###....#######
.........#....#....##....## #...
.8........###.#<...##....# #...
..........# #.#######....#####...
..._.....>###....................
...............######...[........


There were no monsters in sight!

Vanquished Creatures
  A troll (D:5)
  A yak (D:6)
  A hungry ghost (D:6)
  2 porcupines (D:7)
  An ice beast (D:7)
  2 orc warriors
  A black bear (D:6)
  5 centaurs
  3 ogres
  2 big kobolds (D:6)
  A bullfrog (D:7)
  4 scorpions
  5 killer bees (D:7)
  3 howler monkeys
  4 crimson imps
  A bullfrog zombie (D:7)
  2 centaur zombies
  4 hounds
  A quasit (D:4)
  2 centaur skeletons
  A gnoll shaman (D:6)
  7 orc wizards
  4 bullfrog skeletons
  6 iguanas
  A jelly (D:6)
  3 orc priests
  4 worker ants
  A worker ant zombie (D:5)
  10 gnolls
  5 adders
  A shadow imp (D:5)
  2 oozes (D:2)
  An adder zombie (D:6)
  An adder skeleton (D:6)
  7 worms
  4 dart slugs
  5 leopard geckos
  20 orcs
  3 goblins
  12 hobgoblins
  8 jackals
  5 quokkas
  A ball python (D:2)
  10 bats
  5 frilled lizards
  23 kobolds
  5 rats
201 creatures vanquished.

Vanquished Creatures (others)
  6 fungi (D:4)
  3 spectral weapons
9 creatures vanquished.

Grand Total: 210 creatures vanquished

Notes
Turn   | Place    | Note
-------+----------+-------------------------------------------
     0 | D:1      | Leeroy the Skeleton Skald began the quest for the Orb.
     0 | D:1      | Reached XP level 1. HP: 12/12 MP: 4/4
   166 | D:1      | Reached skill level 3 in Long Blades
   241 | D:1      | Reached XP level 2. HP: 16/17 MP: 6/6
   480 | D:1      | Reached skill level 4 in Long Blades
   705 | D:1      | Reached XP level 3. HP: 15/21 MP: 0/7
   708 | D:1      | Learned a level 2 spell: Song of Slaying
   712 | D:1      | Learned a level 3 spell: Spectral Weapon
   715 | D:1      | Learned a level 2 spell: Swiftness
  1011 | D:2      | Got a scorched tin ring
  1012 | D:2      | Identified the ring "Pyulorr" {*Slow +Fly rPois Str+3} (You
                  | found it on level 2 of the Dungeon)
  1342 | D:2      | Reached skill level 5 in Long Blades
  1590 | D:2      | Reached XP level 4. HP: 24/26 MP: 6/8
  1744 | D:2      | Reached skill level 6 in Long Blades
  2095 | D:3      | Reached XP level 5. HP: 29/30 MP: 4/9
  2160 | D:3      | Reached skill level 7 in Long Blades
  2270 | D:3      | Gained mutation: You regenerate a little health from kills.
                  | [Skeleton growth]
  2270 | D:3      | Reached XP level 6. HP: 32/35 MP: 6/10
  2313 | D:3      | Reached skill level 8 in Long Blades
  2903 | D:4      | Got a glittering silver ring
  2904 | D:4      | Identified the cursed ring "Juklag" {Ice rN+} (You found it
                  | on level 4 of the Dungeon)
  3068 | D:4      | Reached skill level 9 in Long Blades
  3145 | D:4      | Reached XP level 7. HP: 39/40 MP: 2/11
  3378 | D:4      | Found a staircase to the Ecumenical Temple.
  3388 | Temple   | Entered the Ecumenical Temple
  3514 | Temple   | Became a worshipper of Gozag Ym Sagoz the Greedy
  3752 | D:4      | Reached skill level 10 in Long Blades
  4327 | D:5      | Entered Level 5 of the Dungeon
  4464 | D:5      | Reached skill level 11 in Long Blades
  4524 | D:5      | Noticed a troll
  4703 | D:4      | Reached XP level 8. HP: 42/44 MP: 8/12
  5000 | D:5      | Found a hide-covered altar of Uskayaw.
  5002 | D:5      | Found a white marble altar of Elyvilon.
  5128 | D:5      | Reached skill level 12 in Long Blades
  5371 | D:5      | Reached skill level 1 in Shields
  5458 | D:5      | Noticed a komodo dragon
  5865 | D:6      | Found Puweyrha's Armour Emporium.
  5910 | D:6      | Reached skill level 5 in Shields
  5933 | D:6      | Found Meuqoff's Weapon Shoppe.
  6209 | D:7      | Reached XP level 9. HP: 46/48 MP: 9/13
  6252 | D:7      | Mangled by an ogre
  6253 | D:7      | Reached XP level 8. HP: -12/44 MP: 0/12
  6527 | D:7      | Found a staircase to the Lair.
  6541 | D:7      | Noticed a death yak
  6635 | D:6      | Reached skill level 10 in Shields
  6731 | D:6      | Reached XP level 9. HP: 45/48 MP: 13/15
  6756 | D:6      | Reached skill level 5 in Spellcasting
  7212 | D:5      | Killed a troll
  7303 | D:6      | Found a sacrificial altar of Ru.
  7416 | D:6      | Bought the +7 short sword "Ramail" {freeze, rElec rF+} for
                  | 736 gold pieces
  7649 | D:6      | Found Laasimat's Jewellery Shop.
  7731 | D:6      | Found Bun Fijanno's Antique Weapon Shop.
  7826 | D:7      | Noticed a death yak
  7828 | D:7      | Noticed a death yak
  8097 | D:6      | HP: 2/47 [death yak (4)]
  8131 | D:5      | Mangled by a komodo dragon
  8132 | D:5      | Reached XP level 8. HP: -13/43 MP: 0/20
  8132 | D:5      | Quit the game

Skill      XL: |  1  2  3  4  5  6  7  8  9 |
---------------+----------------------------+-----
Long Blades    | 3 4 5 6 7 9 11 12 | 12.0
Shields        | 10 8 | 10.1
Spellcasting   | 4 8 |  8.1
Fighting       | |  2.0
Armour         | |  1.1
Dodging        | |  2.0
Charms         | |  3.2

Action                   |  1- 3 |  4- 6 |  7- 9 || total
-------------------------+-------+-------+-------++-------
Melee: Long sword        |   127 |   184 |   346 ||   657
       Scimitar          |       |       |   225 ||   225
       Short sword       |       |       |    16 ||    16
Throw: Tomahawk          |       |     1 |     3 ||     4
 Cast: Infusion          |     1 |       |     4 ||     5
       Song of Slaying   |     1 |     6 |     6 ||    13
       Spectral Weapon   |       |     7 |    15 ||    22
       Swiftness         |       |       |     1 ||     1
  Use: Scroll            |       |       |     5 ||     5
 Stab: Distracted        |       |       |     2 ||     2
       Paralysed         |       |       |     1 ||     1
Armor: Leather armour    |    28 |       |       ||    28
       Ring mail         |       |    72 |   149 ||   221
Dodge: Dodged            |    74 |   109 |   228 ||   411
Block: Other             |     2 |    23 |    12 ||    37
       Buckler           |       |       |   189 ||   189
